Map: King Sejong Station LE

Players

Icywar

  • Race: Zerg Zerg
  • Spawn Location: 5:00

Fropez - Winner!

  • Race: Protoss Protoss
  • League: Gold
  • Spawn Location: 11:00

VOD

Have the link to the VOD?

Description

Time

  • Played on: July 19, 2016, 6:23 p.m.
  • Length: 24:57
Show
View Real Time Build Order
Export as new Build Order

Icywar Zerg 

Build Orders: Pool First, Lurkers 

Get SALT Encoding   

  12  0:11  Drone  
  12  0:12  Drone  
  14  0:36  Spawning Pool  
  14  0:37  Drone  
  14  0:39  Overlord  
  14  0:52  Extractor  
  14  0:53  Drone  
  14  1:08  Drone x2  
  16  1:18  Drone  
  17  1:26  Hatchery  
  17  1:27  Drone  
  17  1:37  Zergling x2  
  17  1:38  Spine Crawler  
  17  1:45  Overlord  
  17  1:55  Drone  
  18  2:06  Lair  
  18  2:08  Zergling x2  
  19  2:33  Drone  
  19  2:36  Zergling x2  
  21  2:38  Hatchery  
  21  2:43  Drone  
  21  2:45  Zergling x2  
  22  2:53  Extractor, Drone  
  22  2:55  Zergling x2  
  23  3:07  Spine Crawler  
  23  3:12  Spine Crawler  
  21  3:14  Drone  
  21  3:18  Drone  
  23  3:28  Hydralisk Den  
  22  3:35  Zergling x2  
  22  3:36  Drone  
  22  3:39  Zergling x2  
  25  3:46  Metabolic Boost  
  25  3:52  Drone  
  26  3:57  Drone x2  
  28  4:04  Hydralisk  
  28  4:09  Drone  
  31  4:12  Drone  
  32  4:20  Drone  
  32  4:21  Zergling x2  
  34  4:32  Lurker Den  
  34  4:36  Overseer  
  34  4:43  Overseer  
  34  4:48  Drone x2  
  34  4:49  Drone  
  37  4:55  Spine Crawler  
  36  5:01  Hydralisk  
  36  5:04  Drone  
  39  5:14  Spine Crawler  
  27  5:36  Hydralisk x3  
  27  5:39  Drone x4  
  34  5:51  Spine Crawler  
  34  5:52  Spore Crawler  
  34  5:55  Drone  
  33  5:57  Drone  
  33  6:02  Drone  
  35  6:05  Drone  
  35  6:08  Drone  
  37  6:16  Drone x2  
  39  6:18  Drone  
  39  6:22  Drone  
  39  6:24  Drone  
  42  6:30  Overlord  
  42  6:35  Overlord  
  42  6:49  Lurker x4  
  42  6:51  Drone  
  42  6:52  Drone x3  
  50  6:57  Drone x2  
  53  7:01  Zergling x4  
  53  7:06  Pneumatized Carapace  
  54  7:12  Drone x4  
  58  7:20  Extractor  
  58  7:22  Overlord  
  57  7:24  Extractor  
  57  7:25  Hydralisk  
  58  7:46  Hydralisk x4  
  58  7:48  Overlord x3  
  66  8:13  Zergling x2  
  66  8:14  Zergling x14  
  72  8:31  Muscular Augments  
  72  8:35  Hydralisk  
  72  8:36  Spire, Hydralisk x2  
  72  8:38  Overlord, Zergling x4  
  79  9:01  Hatchery  
  79  9:02  Zergling x4  
  80  9:03  Zergling x10  
  85  9:15  Hydralisk x2  
  89  9:37  Drone  
  89  9:38  Drone x6  
  72  10:06  Mutalisk x4  
  76  10:07  Mutalisk x3  
  76  10:08  Hatchery  
  85  10:22  Mutalisk x2  
  85  10:24  Zergling x4  
  85  10:25  Zergling x2  
  92  10:44  Hydralisk x3  
  92  10:46  Overlord  
  92  10:47  Overlord x2  
  98  11:11  Mutalisk x3  
  98  11:13  Zergling x8  
  73  11:38  Mutalisk x2  
  65  11:40  Zergling x12  
  65  11:47  Drone x3  
  72  11:50  Drone x2  
  75  11:54  Zergling x2  
  75  12:01  Lurker x2  
  78  12:18  Zergling x4  
  78  12:19  Zergling x4, Drone x3  
  78  12:20  Drone x2  
  87  12:23  Spine Crawler  
  87  12:25  Spine Crawler, Drone  
  86  12:32  Lurker x2  
  86  12:33  Lurker  
  89  12:38  Hydralisk x2  
  93  13:00  Zergling x6  
  96  13:13  Mutalisk x3  
  96  13:14  Mutalisk  
  96  13:15  Zergling x4  
  96  13:18  Hatchery  
  105  13:21  Evolution Chamber  
  105  13:24  Zerg Flyer Weapons Level 1  
  104  13:28  Overseer  
  104  13:42  Hydralisk x3  
  104  13:43  Zergling x4  
  104  13:44  Zergling x4  
  114  13:55  Drone  
  114  13:56  Drone  
  114  14:00  Extractor  
  114  14:01  Extractor, Drone x3  
  114  14:02  Zergling x4, Drone  
  110  14:33  Hydralisk x3  
  110  14:34  Hydralisk x5  
  126  14:38  Zergling x4  
  126  14:42  Corruptor  
  130  14:49  Drone x2  
  130  14:50  Drone x2  
  130  14:51  Drone  
  108  14:54  Drone  
  108  14:55  Drone  
  87  15:09  Overseer x4  
  87  15:12  Lurker  
  88  15:15  Zergling x2  
  88  15:16  Zergling x14  
  88  15:17  Zergling x2  
  97  15:27  Lurker  
  98  15:29  Zergling x14  
  98  15:31  Zergling x2  
  98  15:32  Zergling x2  
  107  15:40  Drone x2  
  107  15:50  Spine Crawler  
  107  15:51  Spine Crawler  
  107  15:52  Spine Crawler  
  104  15:59  Spine Crawler  
  59  16:13  Zergling x4  
  59  16:14  Zergling x14  
  59  16:15  Zergling x12  
  52  16:50  Hydralisk x2  
  52  16:51  Hydralisk x7  
  64  17:18  Hatchery  
  63  17:25  Zergling x12  
  67  17:51  Hydralisk x3  
  67  17:53  Drone  
  67  17:54  Drone  
  61  18:18  Zergling x4  
  61  18:19  Zergling x6  
  58  18:38  Spine Crawler  
  57  18:43  Spine Crawler  
  57  18:44  Drone  
  57  19:11  Hatchery  
  56  19:17  Zergling x4  
  58  19:33  Hydralisk  
  58  19:34  Hydralisk x2  
  64  19:41  Zergling x4  
  64  19:42  Zergling x2  
  67  19:51  Zergling x4  
  67  19:52  Zergling x2  
  70  19:57  Lurker  
  70  19:58  Lurker  
  72  20:05  Drone x2  
  75  20:14  Drone x3  
  75  20:17  Drone  
  77  20:52  Hydralisk x6  
  77  20:53  Hydralisk  
  91  21:11  Hydralisk x5  
  91  21:12  Hydralisk  
  87  21:31  Zergling x8  
  87  21:32  Zergling x8  
  51  21:56  Hydralisk x2  
  51  21:57  Zergling x2  
  51  21:58  Hydralisk x3  
  51  22:00  Zergling x2  
  51  22:01  Zergling x2  
  61  22:08  Lurker x2  
  61  22:11  Zergling x2  
  37  22:26  Mutalisk x2  
  37  22:27  Mutalisk  
  24  23:03  Hydralisk  
  24  23:04  Hydralisk x2  
  30  23:15  Hydralisk  
  32  23:26  Hydralisk  
  32  23:27  Hydralisk x2  
  32  23:29  Hydralisk  
  32  23:30  Hydralisk  
  38  24:00  Zergling x4  
  38  24:02  Overlord  
  28  24:11  Zergling x6  
  29  24:24  Zergling x6  
Show
View Real Time Build Order
Export as new Build Order

Fropez Protoss - Winner!

Build Orders: Mass Adepts 

Get SALT Encoding   

  12  0:01  Probe (Chrono Boost)  
  13  0:16  Pylon  
  13  0:25  Probe (Chrono Boost)  
  14  0:34  Gateway  
  14  0:42  Gateway  
  14  0:49  Probe (Chrono Boost)  
  15  0:53  Assimilator  
  15  1:02  Pylon  
  15  1:05  Probe (Chrono Boost)  
  16  1:18  Probe (Chrono Boost)  
  17  1:23  Cybernetics Core  
  17  1:28  Probe (Chrono Boost)  
  18  1:39  Probe (Chrono Boost)  
  19  1:43  Assimilator  
  19  1:49  Probe (Chrono Boost)  
  20  1:59  Warp Gate (Chrono Boost)  
  20  2:07  Adept  
  20  2:08  Adept  
  24  2:11  Pylon  
  24  2:12  Probe  
  25  2:32  Probe  
  25  2:34  Adept  
  25  2:35  Adept  
  30  2:44  Probe  
  30  2:50  Gateway  
  32  3:06  Mothership Core  
  33  3:14  Pylon  
  33  3:15  Adept  
  35  3:26  Pylon  
  35  3:30  Probe  
  36  3:40  Pylon  
  36  3:44  Probe (Chrono Boost)  
  36  3:57  Adept  
  36  3:58  Adept  
  40  4:16  Adept  
  42  4:18  Nexus  
  42  4:25  Adept  
  42  4:29  Probe (Chrono Boost)  
  45  4:39  Probe (Chrono Boost)  
  45  4:41  Twilight Council  
  46  4:55  Adept  
  46  4:56  Adept, Pylon  
  42  5:41  Probe x2 (Chrono Boost)  
  44  5:44  Adept x2  
  44  5:45  Adept  
  44  5:53  Probe (Chrono Boost)  
  45  5:58  Gateway  
  45  6:00  Pylon  
  45  6:07  Resonating Glaives (Chrono Boost), Probe (Chrono Boost)  
  46  6:12  Pylon  
  46  6:18  Forge  
  46  6:20  Adept x2  
  46  6:21  Adept  
  46  6:23  Probe x2  
  54  6:29  Assimilator  
  54  6:37  Templar Archives  
  54  6:40  Probe x2  
  54  6:42  Pylon  
  56  6:48  Adept  
  56  6:52  Adept  
  60  6:55  Adept  
  60  6:59  Adept  
  64  7:02  Protoss Ground Weapons Level 1 (Chrono Boost)  
  64  7:05  Probe  
  65  7:15  Pylon  
  65  7:18  Probe  
  65  7:19  Probe  
  67  7:26  Adept x3  
  74  7:37  Probe  
  74  7:38  Probe  
  74  7:40  Gateway  
  75  7:47  Adept x3  
  81  8:38  High Templar x2  
  81  8:39  High Templar  
  87  8:47  Robotics Facility  
  87  8:49  Pylon  
  87  9:25  High Templar x3  
  87  9:26  High Templar  
  87  9:28  Archon  
  81  9:58  High Templar  
  81  9:59  High Templar x3  
  75  10:01  Archon x2  
  75  10:02  Archon  
  75  10:03  Archon  
  71  10:11  Assimilator  
  71  10:25  Nexus  
  71  10:26  Pylon  
  71  10:28  Assimilator  
  71  10:31  Observer  
  71  10:33  Assimilator  
  71  10:35  Pylon  
  72  10:36  Charge, Protoss Ground Weapons Level 2 (Chrono Boost)  
  72  10:39  Pylon  
  72  10:49  Pylon  
  72  10:52  Warp Prism  
  72  10:54  Zealot x4  
  82  11:20  Zealot x4  
  74  11:49  Zealot x3  
  74  11:50  Zealot  
  74  11:53  Nexus  
  82  11:55  Assimilator  
  82  12:00  Assimilator  
  82  12:02  Pylon  
  82  12:03  Pylon  
  82  12:08  Pylon  
  82  12:14  Gateway  
  82  12:19  Photon Cannon  
  82  12:30  Photon Cannon  
  82  12:31  Photon Cannon  
  82  12:37  Zealot x4  
  90  12:45  Gateway  
  90  12:49  Photon Cannon  
  90  12:50  Gateway  
  90  12:51  Probe x2  
  90  12:54  Gateway  
  92  13:00  Gateway  
  92  13:03  Gateway  
  92  13:09  Immortal (Chrono Boost)  
  96  13:14  Zealot x4  
  96  13:19  Protoss Ground Weapons Level 3 (Chrono Boost)  
  104  13:38  Adept x4  
  112  13:46  Immortal (Chrono Boost)  
  116  13:55  Zealot x3  
  120  13:56  Zealot  
  116  14:20  Observer (Chrono Boost)  
  116  14:24  High Templar x5  
  111  14:25  High Templar x4  
  111  14:28  Archon x2  
  111  14:29  Archon x2  
  114  14:38  Observer (Chrono Boost)  
  102  15:10  Zealot x3  
  102  15:11  Zealot  
  110  15:39  Nexus  
  110  15:41  Assimilator  
  110  15:44  Pylon  
  110  15:46  Pylon  
  108  15:53  Zealot  
  110  15:57  Pylon  
  110  15:58  Pylon  
  110  16:00  Pylon  
  110  16:02  Pylon  
  87  16:12  Nexus  
  61  17:01  Zealot x3  
  61  17:02  Zealot x2  
  61  17:06  Observer (Chrono Boost)  
  72  17:16  Probe  
  72  17:17  Pylon, Probe x2  
  75  17:27  Photon Cannon  
  75  17:29  Probe  
  71  17:50  Probe x2  
  71  17:51  Probe  
  67  17:53  High Templar x3  
  67  17:54  High Templar x2  
  78  18:02  Gateway  
  78  18:06  Gateway  
  72  18:16  Archon x2  
  72  18:19  Protoss Ground Armor Level 1 (Chrono Boost)  
  72  18:46  Assimilator  
  72  18:49  Assimilator  
  72  19:01  High Templar x2  
  72  19:02  High Templar  
  78  19:03  Zealot x3  
  84  19:11  Gateway  
  84  19:14  Pylon, Gateway  
  84  19:23  Photon Cannon  
  84  19:24  Photon Cannon  
  84  19:25  Pylon  
  84  19:26  Gateway  
  84  19:36  Observer (Chrono Boost)  
  85  19:56  High Templar x4, Immortal (Chrono Boost)  
  85  19:58  Zealot x2  
  101  20:01  Archon x3  
  101  20:11  Archon  
  101  20:20  Probe  
  101  20:21  Probe x2  
  101  20:22  Probe  
  105  20:31  Probe  
  105  20:33  Probe  
  105  20:34  Probe x2  
  109  20:41  Probe  
  109  20:46  Probe  
  109  20:59  Observer (Chrono Boost)  
  110  21:07  Zealot x4  
  110  21:08  Zealot x3  
  124  21:17  Observer (Chrono Boost)  
  63  21:53  Zealot x2  
  63  21:54  Zealot x5  
  71  21:55  Protoss Ground Armor Level 2  
  71  22:00  Observer (Chrono Boost)  
  65  22:42  Zealot x2  
  65  22:43  Zealot x5  
  67  23:31  Probe  
  67  23:32  Probe x3  
  66  23:44  Probe  
  67  24:00  High Templar x2  
  67  24:01  High Templar x5  
  81  24:05  Archon x3  
  73  24:15  Probe x2  
  73  24:16  Probe x2  
  77  24:22  Pylon  
  77  24:27  Pylon  
  77  24:31  Pylon  
  73  24:45  Zealot x3  
  73  24:46  Zealot x2  
  73  24:47  Zealot x3  
Tags
 
League
Gold
Matchup
PvZ
Opening
Pool First
Replay Pack
All Mines
Spawn Locations
Cross Positions
Add a new tag
Caveats
  • Supply blocks, unpowered buildings, or Contaminate may cause inaccurate times.
  • Supply counts are checked every 10 seconds.